 Dungeon Crawl Stone Soup version 0.29.1-2-gbd0b4ee654 (webtiles) character file.

Game seed: 14628715993228687796

46 firemarshallily the Slasher (level 3, -1/29 HPs)
             Began as a Demonspawn Gladiator on Nov 5, 2022.
             Slain by a gnoll
             ... wielding a +0 halberd
              (6 damage)
             ... on level 2 of the Dungeon.
             The game lasted 00:04:34 (1416 turns).

firemarshallily the Slasher (Demonspawn Gladiator)  Turns: 1416, Time: 00:04:35

Health: -1/29      AC:  3    Str: 16    XL:     3   Next: 46%
Magic:  3/3        EV: 12    Int:  9    God:
Gold:   135        SH:  0    Dex: 14    Spells: 2/2 levels left

rFire   . . .      SeeInvis .   a - +0 long sword
rCold   . . .      Faith    .   (no shield)
rNeg    . . .      Spirit   .   b - +0 leather armour
rPois   .          Reflect  .   (helmet restricted)
rElec   .          Harm     .   (no cloak)
rCorr   .          Rampage  .   (no gloves)
Will    .....                   (no boots)
Stlth   +.........              (no amulet)
HPRegen 0.09/turn               (no ring)
MPRegen 0.08/turn               (no ring)

@: no status effects
A: horns 2
a: no special abilities


You were on level 2 of the Dungeon.
You visited 1 branch of the dungeon, and saw 2 of its levels.

You collected 135 gold pieces.

Inventory:

Hand Weapons
 a - a +0 long sword (weapon)
Missiles
 d - 3 throwing nets (quivered)
 e - a javelin
 h - 12 stones
Armour
 b - a +0 leather armour (worn)
 k - a +0 ring mail
Scrolls
 g - 3 scrolls of identify {unknown}
 j - 2 scrolls of teleportation {unknown}
Potions
 c - a potion of resistance {unknown}
 f - 2 potions of flight {unknown}
 i - a potion of invisibility {unknown}


   Skills:
 * Level 3.0 Fighting
 - Level 3.0 Long Blades
 + Level 0.6 Polearms
 - Level 1.7 Throwing
 + Level 1.1 Armour
 - Level 2.6 Dodging


You had 2 spell levels left.
You didn't know any spells.
Your spell library was empty.

Dungeon Overview and Level Annotations

Branches:
Dungeon (2/15)

Altars:

Shops:
D:1 (


Innate Abilities, Weirdness & Mutations

You have a pair of horns on your head.


Message History

You escape the ball python's grasp.
The ball python attacks as you move away!
The ball python bites you.
The ball python attacks as you move away!
The ball python bites you. The ball python barely misses you.
The ball python attacks as you move away!
The ball python closely misses you. x2
The ball python bites you but does no damage.
The ball python barely misses you.
The ball python attacks as you move away!
The ball python bites you but does no damage.
The ball python attacks as you move away!
The ball python barely misses you. The ball python bites you.
The ball python grabs you. The ball python constricts you.
There is a stone staircase leading up here.
You slash the ball python!
You kill the ball python!
The ball python barely misses you. The ball python misses you.
You hit the ball python but do no damage.
Your headbutt misses the ball python. The ball python barely misses you. x2
You closely miss the ball python.
The ball python bites you but does no damage.
The ball python barely misses you.
The ball python bites you but does no damage.
The ball python barely misses you.
You hit the ball python.
The ball python is severely wounded.
The ball python bites you.
* * * LOW HITPOINT WARNING * * *
The ball python grabs you. The ball python constricts you.
You don't know any spells.
There are no items here.
You escape the ball python's grasp.
The ball python bites you.
* * * LOW HITPOINT WARNING * * *
The ball python grabs you.
You stop ascending the stairs.
The ball python constricts you.
You escape the ball python's grasp.
The gnoll hits you from afar with a +0 halberd.
You die...

### #.# ## #####.# ##
#.############ #@#.#.# ####. '...
........# #S#.#.# #....
#.#.###.#.##.###gg...# #...<
..#.............g..#.# #....
..g.......##..##.#.#.##########..
..g..........S.g................>
..g...#..###..##.###.............
....g.#..###...........#.....†...
......#Jg.gJ..##.###...#.........


You could see 4 gnolls and a ball python.

Vanquished Creatures
  2 worms (D:2)
  A dart slug (D:1)
  2 endoplasms (D:1)
  4 giant cockroaches
  8 goblins
  2 hobgoblins
  A quokka (D:1)
  6 ball pythons
  4 bats (D:1)
  2 frilled lizards (D:2)
  A kobold (D:1)
  3 rats
36 creatures vanquished.

Notes
Turn   | Place    | Note
-------+----------+-------------------------------------------
     0 | D:1      | firemarshallily the Demonspawn Gladiator began the quest
                  | for the Orb.
     0 | D:1      | Reached XP level 1. HP: 16/16 MP: 1/1
   131 | D:1      | Gained mutation: You have a pair of small horns on your
                  | head. [demonic ancestry]
   131 | D:1      | Reached XP level 2. HP: 19/22 MP: 2/2
   359 | D:1      | Found Estra's Antique Weapon Shop.
  1115 | D:2      | Gained mutation: You have a pair of horns on your head.
                  | [demonic ancestry]
  1115 | D:2      | Reached XP level 3. HP: 28/28 MP: 3/3
  1192 | D:2      | Reached skill level 1 in Armour
  1416 | D:2      | Slain by a gnoll

Illustrated notes

Levels and vault maps discovered:
D:1:      dpeg_arrival_subterranean_lakeside_camping, layout_loops_ring,
          serial_shops, nicolae_shop_stone
D:2:      layout_basic

Skill      XL: |  1  2  3 |
---------------+----------+-----
Long Blades    | 3 |  3.0
Armour         | 1 |  1.1
Fighting       | 3 |  3.0
Polearms       | |  0.6
Throwing       | |  1.7
Dodging        | |  2.6

Action                   || total
-------------------------++-------
Melee: Long sword        ||    90
       Punch             ||     1
       Headbutt          ||     6
 Stab: Sleeping          ||     2
Armor: Leather armour    ||    36
Dodge: Dodged            ||    69
